AoeStats
← [RAT] G0rm

Hill Fort

506452966Analyzed
3v3 RM · 19d ago on Sep 13, 2026· 44m 49s· 6 players
Game mode
Random Map
Map size
Normal (6 player)
Population
200
Speed
Normal
Resources
Standard
Victory
Conquest
Starting age
Dark Age
Ending age
Imperial Age
RankedLock teamsTeams togetherTeam positionsShared explorationLock speedFull tech treeHidden civsTurbo modeCheats
Victory
Defeat
🇺🇸 Huns · United States
1619
+11
🇳🇱 Wei · Netherlands
1540
+14
🇷🇴 Bulgarians · Romania
1533
+14
🇳🇱 Mongols · Netherlands
1532
-14
🇺🇸 Saracens · United States
1516
-14
🇲🇽 Spanish · Mexico
1455
-11
Shikamaru_
11:37 Feudal Age
13:32 Loom
16:28 Castle Age
15:15 Double-Bit Axe
16:00 Horse Collar
17:49 Bow Saw
17:52 Heavy Plow
19:37 Scale Barding Armor
24:37 Wheelbarrow
25:31 Chain Barding Armor
25:38 Town Watch
27:15 Forging
29:19 Hand Cart
29:14 Gold Mining
30:20 Iron Casting
31:39 Husbandry
31:49 Bloodlines
35:25 Gold Shaft Mining
40:39 Imperial Age
41:05 Stone Mining
41:07 Elite Mameluke
42:08 Conscription
42:24 Plate Barding Armor
42:51 Blast Furnace
Duaaa
5:31 Loom
13:02 Feudal Age
17:43 Castle Age
16:19 Double-Bit Axe
16:29 Horse Collar
18:51 Wheelbarrow
21:11 Bow Saw
26:00 Heavy Plow
29:36 Padded Archer Armor
31:53 Leather Archer Armor
35:51 Hand Cart
39:16 Imperial Age
37:07 Scale Barding Armor
37:13 Forging
38:46 Scale Mail Armor
39:22 Iron Casting
38:26 Pikeman
39:07 Squires
38:53 Gambesons
39:55 Chain Mail Armor
39:22 Halberdier
40:48 Fletching
41:01 Gold Mining
41:02 Stone Mining
40:48 Elite Skirmisher
42:34 Bodkin Arrow
43:01 Ballistics
43:42 Chemistry
43:31 Plate Mail Armor
43:35 Ring Archer Armor
45:07 Plate Mail Armor
44:38 Bracer
45:26 Conscription
Javier STATISTICS
9:05 Feudal Age
10:22 Loom
16:54 Castle Age
16:17 Double-Bit Axe
16:14 Horse Collar
20:10 Fletching
21:01 Bodkin Arrow
23:23 Town Watch
26:02 Town Watch
27:50 Wheelbarrow
32:34 Heavy Plow
32:26 Gold Mining
33:27 Bow Saw
37:50 Imperial Age
36:07 Hand Cart
36:06 Padded Archer Armor
36:38 Ballistics
37:03 Caravan
37:29 Bloodlines
37:19 Husbandry
38:05 Thumb Ring
39:16 Conscription
39:22 Bracer
40:22 Leather Archer Armor
42:05 Chemistry
43:40 Elite Mangudai
[RAT] Havik_AoE
9:20 Feudal Age
9:52 Double-Bit Axe
10:07 Horse Collar
13:00 Gold Mining
13:33 Loom
18:58 Castle Age
20:27 Bow Saw
20:34 Husbandry
20:11 Light Cavalry
21:38 Gold Shaft Mining
22:22 Wheelbarrow
22:19 Scale Barding Armor
23:32 Chain Barding Armor
25:02 Heavy Plow
25:37 Forging
27:49 Iron Casting
30:27 Bloodlines
31:35 Hand Cart
31:21 Town Watch
35:43 Imperial Age
34:28 Tuntian
36:02 Fletching
36:12 Scale Mail Armor
36:50 Conscription
37:32 Blast Furnace
37:43 Ming Guang Armor
37:32 Light Cavalry
40:12 Heavy Scorpion
43:47 Chain Mail Armor
43:59 Caravan
Benedict Cucumberpatch
10:39 Feudal Age
15:15 Castle Age
14:12 Double-Bit Axe
14:13 Horse Collar
15:11 Loom
15:57 Fletching
21:32 Ballistics
21:19 Bodkin Arrow
25:31 Wheelbarrow
29:13 Bloodlines
29:33 Town Watch
30:42 Husbandry
31:20 Thumb Ring
32:05 Padded Archer Armor
33:57 Leather Archer Armor
35:32 Hand Cart
37:50 Imperial Age
35:50 Heavy Plow
36:00 Bow Saw
38:00 Heavy Cavalry Archer
38:40 Bracer
39:45 Chemistry
38:12 Capped Ram
39:23 Conscription
40:52 Caravan
40:27 Siege Ram
42:01 Parthian Tactics
40:57 Light Cavalry
41:43 Scale Barding Armor
41:48 Forging
42:51 Hussar
43:51 Chain Barding Armor
44:01 Hand Cart
45:28 Iron Casting
[RAT] G0rm
11:24 Feudal Age
15:13 Castle Age
13:32 Double-Bit Axe
20:40 Scale Mail Armor
21:50 Forging
22:31 Chain Mail Armor
22:09 Gambesons
24:31 Horse Collar
28:02 Loom
30:24 Wheelbarrow
29:54 Fletching
30:17 Bodkin Arrow
33:31 Hand Cart
33:16 Pikeman
34:57 Town Watch
35:51 Iron Casting
36:52 Ballistics
39:39 Imperial Age
37:42 Squires
37:27 Arson
37:44 Gold Mining
39:19 Masonry
40:20 Heavy Scorpion
40:51 Halberdier
42:04 Plate Mail Armor
42:35 Blast Furnace
41:44 Stone Mining
42:43 Siege Engineers
45:34 Chemistry
Connection lost

Rejoining the realm…

Still unreachable

The connection could not be restored.

Session expired

The server has moved on; the page needs a fresh start.